 Dungeon Crawl Stone Soup version 0.14.1-18-g0856e53 (webtiles) character file.

143 BoredOne the Insei (level 4, -3/35 HPs)
             Began as a Draconian Transmuter on June 3, 2014.
             Slain by a gnoll
             ... wielding a +0,+0 halberd
              (15 damage)
             ... on Level 2 of the Dungeon on June 4, 2014.
             The game lasted 00:05:47 (1890 turns).

BoredOne the Insei (Draconian Transmuter)           Turns: 1890, Time: 00:05:47

HP  -3/35        AC  5     Str 12      XL: 4   Next: 22%
MP   9/9         EV 12     Int 14      God:
Gold 60          SH  0     Dex 12      Spells:  3 memorised,  3 levels left

rFire  . . .     SeeInvis .     n - +2,+1 halberd (venom)
rCold  . . .     Clarity  .     (armour unavailable)
rNeg   . . .     Conserve .     (no shield)
rPois  .         rCorr    .     (helmet restricted)
rElec  .         rRot     .     (no cloak)
SustAb . .       Spirit   .     (no gloves)
rMut   .         Warding  .     (no boots)
Saprov . . .     Stasis   .     (no amulet)
MR     .....                    (no ring)
                                (no ring)

@: short of breath, not resistant to hostile enchantments, unstealthy
A: unfitting armour, blurry vision 1, breathe flames 1, sense surroundings 1, AC
+5
a: Breathe Fire


You were on level 2 of the Dungeon.
You were not hungry.

You visited 1 branch of the dungeon, and saw 2 of its levels.

You collected 60 gold pieces.

Inventory:

Hand weapons
 n - a +2,+1 halberd of venom (weapon)
Missiles
 b - 10 arrows
 k - 14 exploding sling bullets
 o - 8 arrows of frost
Comestibles
 a - 3 bread rations
 m - a chunk of bat flesh {@w1}
Scrolls
 c - 2 scrolls of fog {unknown}
 e - a scroll of magic mapping {unknown}
 f - 2 scrolls of blinking {unknown}
 g - 7 scrolls of identify {unknown}
 i - 2 scrolls of teleportation {unknown}
 j - a scroll of remove curse {unknown}
 l - 2 scrolls of fear {unknown}
 p - 2 scrolls of enchant weapon II {unknown}
 r - a scroll of noise {unknown}
Potions
 h - a potion of mutation {!q}
 s - a potion of curing
Books
 d - a book of Changes

   Spells                             Type                      Level
   *Beastly Appendage                 Transmutation                1
   *Sticks to Snakes                  Transmutation                2
   *Spider Form                       Transmutation/Poison         3
   Ice Form                           Ice/Transmutation            4
   Blade Hands                        Transmutation                5


   Skills:
 - Level 1.1 Fighting
 - Level 1.7 Dodging
 + Level 3.9 Unarmed Combat
 - Level 3.0 Spellcasting
 + Level 2.7 Transmutations


You had 3 spell levels left.
You knew the following spells:

 Your Spells              Type           Power        Failure   Level  Hunger
a - Beastly Appendage     Trmt           #.....       10%         1    #......
b - Sticks to Snakes      Trmt           #.........   12%         2    ##.....
s - Spider Form           Trmt/Pois      #.........   38%         3    ###....


Dungeon Overview and Level Annotations

Branches:
Dungeon (2/15)

Altars:
Trog


Innate Abilities, Weirdness & Mutations

Your plain brown scales are hard (AC +5).*
Your body does not fit into most forms of armour.
Your cold-blooded metabolism reacts poorly to cold.
Your vision is a little blurry.
You can breathe flames.
You passively map a small area around you.


Message History

The bat barely misses you. x2
The bat barely misses you. The bat hits you.
* * * LOW HITPOINT WARNING * * *
Attack whom?
Press: ? - help, Dir - move target cursor, f/p - bat
Aim: a bat You reach to attack!
You hit the bat.
The bat is heavily wounded.
The bat completely misses you. The bat barely misses you.
The bat closely misses you. The bat hits you but does no damage.
Attack whom?
Press: ? - help, Dir - move target cursor, f - gnoll, p - bat
Aim: a gnoll, wielding a halberd You reach to attack!
You hit the gnoll.
The gnoll is poisoned.
The gnoll is lightly wounded.
The bat hits you but does no damage.
The gnoll hits you from afar with a halberd!
You die...

#..# #.#### ##.#
####....# ###
#w# #........
#### #.#
#.#...... _..##
#.# ######
#.#...... ..≈.#
#.#
#....###.#......
.≈≈.##### #.#
#.#...##)###...#
.≈..#...#
#g###......#.#
#.... .≈.###..#
#b.@.........#
##..# .### #..#
#.###......###
#..# %#####..#
#.# #.#...##
#..# ([(....(#
#.# #.##.## #..#
#######.# #.#
#.##.# #..# #.#
#.# #.##.# #..#
#.# #.# #.##.#
#... #.# #.#
#.##.########.#.
#.# #.#
#.##.......%...<


You could see a gnoll and a bat.

Vanquished Creatures
  2 adders (D:2)
  A gnoll (D:1)
  2 worms (D:2)
  A giant gecko (D:2)
  A giant cockroach (D:1)
  4 goblins (D:1)
  5 hobgoblins
  4 jackals (D:2)
  15 kobolds
  5 bats
  3 giant newts
  6 rats
49 creatures vanquished.

Notes
Turn   | Place    | Note
--------------------------------------------------------------
     0 | D:1      | BoredOne, the Draconian Transmuter, began the quest for the Orb.
     0 | D:1      | Reached XP level 1. HP: 16/16 MP: 3/3
   346 | D:1      | Reached XP level 2. HP: 23/23 MP: 5/5
   359 | D:1      | Learned a level 2 spell: Sticks to Snakes
   762 | D:1      | Reached XP level 3. HP: 24/28 MP: 6/6
   767 | D:1      | Learned a level 3 spell: Spider Form
  1282 | D:2      | Reached skill level 3 in Spellcasting
  1446 | D:2      | Found a bloodstained altar of Trog.
  1817 | D:2      | Reached XP level 4. HP: 35/35 MP: 9/9
  1867 | D:2      | HP: 4/35 [gnoll/halberd (9)]
  1873 | D:2      | Gained mutation: You passively map a small area around you. [potion of mutation]
  1873 | D:2      | Gained mutation: You can breathe flames. [potion of mutation]
  1873 | D:2      | Gained mutation: Your vision is a little blurry. [potion of mutation]
  1890 | D:2      | Slain by a gnoll

Action                   |  1- 3 |  4- 6 || total
-------------------------+-------+-------++-------
Melee: Unarmed           |    59 |       ||    59
       Halberd           |   105 |    17 ||   122
 Cast: Beastly Appendage |     2 |       ||     2
       Sticks to Snakes  |     2 |       ||     2
 Abil: Breathe Fire      |       |     1 ||     1
  Use: Potion            |       |     2 ||     2
 Stab: Distracted        |     3 |       ||     3
Dungeon Crawl Stone Soup version 0.14.1-18-g0856e53 (webtiles) character file. 143 BoredOne the Insei (level 4, -3/35 HPs) Began as a Draconian Transmuter on June 3, 2014. Slain by a gnoll ... wielding a +0,+0 halberd (15 damage) ... on Level 2 of the Dungeon on June 4, 2014. The game lasted 00:05:47 (1890 turns). BoredOne the Insei (Draconian Transmuter) Turns: 1890, Time: 00:05:47 HP -3/35 AC 5 Str 12 XL: 4 Next: 22% MP 9/9 EV 12 Int 14 God: Gold 60 SH 0 Dex 12 Spells: 3 memorised, 3 levels left rFire . . . SeeInvis . n - +2,+1 halberd (venom) rCold . . . Clarity . (armour unavailable) rNeg . . . Conserve . (no shield) rPois . rCorr . (helmet restricted) rElec . rRot . (no cloak) SustAb . . Spirit . (no gloves) rMut . Warding . (no boots) Saprov . . . Stasis . (no amulet) MR ..... (no ring) (no ring) @: short of breath, not resistant to hostile enchantments, unstealthy A: unfitting armour, blurry vision 1, breathe flames 1, sense surroundings 1, AC +5 a: Breathe Fire You were on level 2 of the Dungeon. You were not hungry. You visited 1 branch of the dungeon, and saw 2 of its levels. You collected 60 gold pieces. Dungeon Overview and Level Annotations Branches: Dungeon (2/15) Altars: Trog Innate Abilities, Weirdness & Mutations Your plain brown scales are hard (AC +5).* Your body does not fit into most forms of armour. Your cold-blooded metabolism reacts poorly to cold. Your vision is a little blurry. You can breathe flames. You passively map a small area around you. Skills: - Level 1.1 Fighting - Level 1.7 Dodging + Level 3.9 Unarmed Combat - Level 3.0 Spellcasting + Level 2.7 Transmutations You had 3 spell levels left. You knew the following spells: Your Spells Type Power Failure Level Hunger a - Beastly Appendage Trmt #..... 10% 1 #...... b - Sticks to Snakes Trmt #......... 12% 2 ##..... s - Spider Form Trmt/Pois #......... 38% 3 ###.... Inventory: Hand weapons n - a +2,+1 halberd of venom (weapon) Missiles b - 10 arrows k - 14 exploding sling bullets o - 8 arrows of frost Comestibles a - 3 bread rations m - a chunk of bat flesh {@w1} Scrolls c - 2 scrolls of fog {unknown} e - a scroll of magic mapping {unknown} f - 2 scrolls of blinking {unknown} g - 7 scrolls of identify {unknown} i - 2 scrolls of teleportation {unknown} j - a scroll of remove curse {unknown} l - 2 scrolls of fear {unknown} p - 2 scrolls of enchant weapon II {unknown} r - a scroll of noise {unknown} Potions h - a potion of mutation {!q} s - a potion of curing Books d - a book of Changes Spells Type Level *Beastly Appendage Transmutation 1 *Sticks to Snakes Transmutation 2 *Spider Form Transmutation/Poison 3 Ice Form Ice/Transmutation 4 Blade Hands Transmutation 5 Message History The bat barely misses you. x2 The bat barely misses you. The bat hits you. * * * LOW HITPOINT WARNING * * * Attack whom? Press: ? - help, Dir - move target cursor, f/p - bat Aim: a bat You reach to attack! You hit the bat. The bat is heavily wounded. The bat completely misses you. The bat barely misses you. The bat closely misses you. The bat hits you but does no damage. Attack whom? Press: ? - help, Dir - move target cursor, f - gnoll, p - bat Aim: a gnoll, wielding a halberd You reach to attack! You hit the gnoll. The gnoll is poisoned. The gnoll is lightly wounded. The bat hits you but does no damage. The gnoll hits you from afar with a halberd! You die... #..# #.#### ##.# ####....# ### #w# #........ #### #.# #.#...... _..## #.# ###### #.#...... ..≈.# #.# #....###.#...... .≈≈.##### #.# #.#...##)###...# .≈..#...# #g###......#.# #.... .≈.###..# #b.@.........# ##..# .### #..# #.###......### #..# %#####..# #.# #.#...## #..# ([(....(# #.# #.##.## #..# #######.# #.# #.##.# #..# #.# #.# #.##.# #..# #.# #.# #.##.# #... #.# #.# #.##.########.#. #.# #.# #.##.......%...< You could see a gnoll and a bat.

Action                   |  1- 3 |  4- 6 || total
-------------------------+-------+-------++-------
Melee: Unarmed           |    59 |       ||    59
       Halberd           |   105 |    17 ||   122
 Cast: Beastly Appendage |     2 |       ||     2
       Sticks to Snakes  |     2 |       ||     2
 Abil: Breathe Fire      |       |     1 ||     1
  Use: Potion            |       |     2 ||     2
 Stab: Distracted        |     3 |       ||     3

Vanquished Creatures
  2 adders (D:2)
  A gnoll (D:1)
  2 worms (D:2)
  A giant gecko (D:2)
  A giant cockroach (D:1)
  4 goblins (D:1)
  5 hobgoblins
  4 jackals (D:2)
  15 kobolds
  5 bats
  3 giant newts
  6 rats
49 creatures vanquished. Notes Turn | Place | Note -------------------------------------------------------------- 0 | D:1 | BoredOne, the Draconian Transmuter, began the quest for the Orb. 0 | D:1 | Reached XP level 1. HP: 16/16 MP: 3/3 346 | D:1 | Reached XP level 2. HP: 23/23 MP: 5/5 359 | D:1 | Learned a level 2 spell: Sticks to Snakes 762 | D:1 | Reached XP level 3. HP: 24/28 MP: 6/6 767 | D:1 | Learned a level 3 spell: Spider Form 1282 | D:2 | Reached skill level 3 in Spellcasting 1446 | D:2 | Found a bloodstained altar of Trog. 1817 | D:2 | Reached XP level 4. HP: 35/35 MP: 9/9 1867 | D:2 | HP: 4/35 [gnoll/halberd (9)] 1873 | D:2 | Gained mutation: You passively map a small area around you. [potion of mutation] 1873 | D:2 | Gained mutation: You can breathe flames. [potion of mutation] 1873 | D:2 | Gained mutation: Your vision is a little blurry. [potion of mutation] 1890 | D:2 | Slain by a gnoll

Vault maps used:
D:1:      co_arrival_square_in_a_square_in_a_square, serial_bayou_pond_c
D:2:      first_bread, kennysheep_cross_room, trog_hazing_becter
